 Dungeon Crawl Stone Soup version 0.29.0-4-gdea44cf6ec (webtiles) character file.

Game seed: 666472634759205469

303 qw the Chopper (level 6, 0/35 HPs)
             Began as a Tengu Warper on Aug 28, 2022.
             Slain by Duvessa
             ... wielding a +0 short sword
              (1 damage)
             ... on level 4 of the Dungeon.
             The game lasted 00:00:19 (4088 turns).

qw the Chopper (Tengu Warper)                       Turns: 4088, Time: 00:00:19

Health: 0/35       AC:  7    Str: 13    XL:     6   Next: 38%
Magic:  10/10      EV: 11    Int: 14    God:
Gold:   163        SH:  0    Dex: 13    Spells: 9/9 levels left

rFire   . . .      SeeInvis .   Y - +1 hand axe
rCold   + . .      Faith    .   (no shield)
rNeg    + . .      Spirit   .   e - +0 scale mail
rPois   .          Reflect  .   (helmet restricted)
rElec   .          Harm     .   (no cloak)
rCorr   .          Rampage  .   h - +0 pair of gloves
Will    .....                   (boots unavailable)
Stlth   ..........              (no amulet)
HPRegen 0.11/turn               j - ring of protection from cold
MPRegen 0.12/turn               p - ring of positive energy

@: lit by a corona, about to teleport, flying quickly and evasively, glowing,
quick
A: beak, talons 3, nimble flight
a: no special abilities


You were on level 4 of the Dungeon.
You visited 1 branch of the dungeon, and saw 4 of its levels.

You collected 163 gold pieces.


Innate Abilities, Weirdness & Mutations

You have a beak for a mouth.
You have claws for feet.
Your magical nature lets you fly swiftly and evasively.


   Skills:
 + Level 2.0 Fighting
 - Level 7.2 Axes
 - Level 1.0 Throwing
 - Level 1.1 Armour
 - Level 2.1 Dodging
 - Level 2.0 Spellcasting
 - Level 2.4 Translocations


You had 9 spell levels left.
You didn't know any spells.
Your spell library contained the following spells:

 Spells                   Type           Power      Damage    Failure   Level
 Blink                    Tloc           16%        N/A       54%         2
 Gell's Gravitas          Tloc           8%         N/A       78%         3
 Lesser Beckoning         Tloc           8%         N/A       78%         3
 Teleport Other           Tloc           8%         N/A       78%         3
 Manifold Assault         Tloc           8%         N/A       100%        5

Inventory:

Hand Weapons
 k - a +0 whip
 Y - a +1 hand axe (weapon)
Missiles
 l - 2 boomerangs (quivered)
Armour
 e - a +0 scale mail (worn)
 h - a +0 pair of gloves (worn)
Jewellery
 a - a ring of ice
 j - a ring of protection from cold (left hand)
 p - a ring of positive energy (right hand)
Scrolls
 f - 2 scrolls of identify
 m - a scroll of teleportation
 n - a scroll of vulnerability {unknown}
 q - a scroll of enchant armour {unknown}
Potions
 b - a potion of mutation {unknown}
 c - a potion of flight {unknown}
 d - a potion of haste {unknown}
 g - a potion of heal wounds {unknown}
 i - a potion of ambrosia {unknown}
 o - 3 potions of curing
 r - a potion of invisibility {unknown}

Dungeon Overview and Level Annotations

Branches:
Dungeon (4/15)
 Temple: D:4-7

Altars:
Uskayaw

Shops:
D:2 ?

Annotations:
D:4 Dowan, Duvessa


Message History

You claw the giant cockroach.
You kill the giant cockroach!
The orc hits you with a +0 club.
The orc warrior throws a boomerang.
The boomerang barely misses you.
The orc priest mumbles some strange prayers to Beogh against you.
Beogh smites you!
You hit Duvessa but do no damage. You closely miss the orc.
You closely miss Dowan. Duvessa closely misses you. Dowan barely misses you.
The orc hits you but does no damage.
You barely miss Duvessa. You hit the orc. You completely miss Dowan.
Duvessa hits you but does no damage. The orc hits you but does no damage.
Dowan hits you with a +0 dagger.
You hit the orc.
You kill the orc!
You hit Dowan. You barely miss Duvessa. Duvessa hits you with a +0 short sword.
Dowan casts a spell at you.
You are outlined in light.
The orc priest hits you from afar with a +0 trident.
You hit Dowan. You claw Dowan. You peck Dowan.
Dowan is heavily wounded.
You hit Duvessa but do no damage.
You hit the orc warrior but do no damage.
Duvessa says, "My weaknesses are his strengths!"
Duvessa hits you but does no damage. The orc warrior barely misses you.
Dowan hits you with a +0 dagger.
The orc priest hits you from afar with a +0 trident.
You hit Dowan but do no damage. Your kick misses Dowan.
Dowan is heavily wounded.
You hit Duvessa but do no damage.
You hit the orc warrior but do no damage.
Duvessa hits you with a +0 short sword.
The orc priest hits you from afar with a +0 trident.
Dowan hits you with a +0 dagger. The orc warrior barely misses you.
4088 ||| READING 2 scrolls of teleportation.
As you read the scroll of teleportation, it crumbles to dust.
You feel strangely unstable. Duvessa hits you with a +0 short sword.
You die...

#. #.#+#######
#.......... ..
#.......... #..
#..........
#.#######..........
+..................
#.########..)o.....
#.#<#....'.@o......
#.#.#.####.ee......
######...#.####.........
...............>.......#
...........#...........#
....######.#...........#
....... ..#.......)...#
###...# #.#.##.########
#...# #.# .#


You could see Duvessa, an orc warrior, Dowan and an orc priest.

Vanquished Creatures
  A black bear (D:4)
  An ogre (D:4)
  An orc priest (D:3)
  An iguana (D:4)
  2 adders
  3 dart slugs (D:1)
  4 orcs
  An endoplasm (D:3)
  9 giant cockroaches
  5 goblins
  5 hobgoblins
  A quokka (D:3)
  3 ball pythons
  4 bats
  4 frilled lizards
  5 kobolds
  5 rats
55 creatures vanquished.

Vanquished Creatures (others)
  12 fungi (D:1)
  3 plants (D:1)
15 creatures vanquished.

Grand Total: 70 creatures vanquished

Notes
Turn   | Place    | Note
-------+----------+-------------------------------------------
     0 | D:1      | qw the Tengu Warper began the quest for the Orb.
     0 | D:1      | Reached XP level 1. HP: 12/12 MP: 4/4
     0 | D:1      | 0 ||| qw: Version: 0.1-a-89-g26bdef1
     0 | D:1      | 0 ||| qw: Game counter: 274
     0 | D:1      | 0 ||| qw: Always use a shield: true
     0 | D:1      | 0 ||| qw: God list: Okawaru
     0 | D:1      | 0 ||| qw: Allow faded altars: false
     0 | D:1      | 0 ||| qw: Do Orc after D:15 true
     0 | D:1      | 0 ||| qw: Do second Lair branch before Depths: true
     0 | D:1      | 0 ||| qw: Lair rune preference: random
     0 | D:1      | 0 ||| qw: Plans: Normal
     0 | D:1      | 0 ||| PLANNING D:1-11
   157 | D:1      | 157 ||| Stepping ~*~*~tactically~*~*~ (stealth).
   226 | D:1      | 226 ||| Stepping ~*~*~tactically~*~*~ (stealth).
   325 | D:1      | 325 ||| Stepping ~*~*~tactically~*~*~ (stealth).
   327 | D:1      | 327 ||| Stepping ~*~*~tactically~*~*~ (stealth).
   335 | D:1      | Reached skill level 3 in Axes
   335 | D:1      | Reached XP level 2. HP: 16/17 MP: 6/6
   699 | D:1      | 699 ||| Stepping ~*~*~tactically~*~*~ (stealth).
   702 | D:1      | 702 ||| Stepping ~*~*~tactically~*~*~ (stealth).
   704 | D:1      | 704 ||| Stepping ~*~*~tactically~*~*~ (hiding).
   879 | D:1      | Reached XP level 3. HP: 18/21 MP: 7/7
   943 | D:1      | 943 ||| Stepping ~*~*~tactically~*~*~ (hiding).
  1045 | D:1      | Found a faded altar of an unknown god.
  1368 | D:1      | 1368 ||| UPGRADING to +0 ring mail.
  1378 | D:1      | 1378 ||| DROPPING +0 leather armour.
  1379 | D:1      | 1379 ||| UPGRADING to +0 pair of gloves.
  1384 | D:1      | 1384 ||| UPGRADING to ring of protection from cold.
  1385 | D:1      | 1385 ||| READING scroll labelled NOQUSY ASE OMOH.
  1386 | D:1      | 1386 ||| READING scroll labelled KISCHI UFIKK.
  1387 | D:1      | 1387 ||| READING scroll labelled DYEFOE GOVYONI.
  1391 | D:1      | 1391 ||| READING scroll labelled OQOARUI XEOTE.
  1392 | D:1      | 1392 ||| DRINKING 2 metallic coppery potions.
  1393 | D:1      | 1393 ||| DROPPING scroll of blinking.
  1394 | D:1      | 1394 ||| DROPPING potion of attraction.
  1504 | D:2      | Reached skill level 4 in Axes
  1698 | D:2      | 1698 ||| Stepping ~*~*~tactically~*~*~ (stealth).
  1779 | D:2      | Found Wifel's Magic Scroll Shop.
  2068 | D:2      | Found a hide-covered altar of Uskayaw.
  2328 | D:2      | 2328 ||| UPGRADING to +0 scale mail.
  2338 | D:2      | 2338 ||| DROPPING +0 ring mail.
  2339 | D:2      | 2339 ||| DRINKING 2 fuming puce potions.
  2340 | D:2      | 2340 ||| DROPPING potion of brilliance.
  2562 | D:3      | Reached XP level 4. HP: 22/26 MP: 8/8
  2927 | D:3      | 2927 ||| Stepping ~*~*~tactically~*~*~ (hiding).
  2928 | D:3      | 2928 ||| Stepping ~*~*~tactically~*~*~ (hiding).
  2930 | D:3      | 2930 ||| Stepping ~*~*~tactically~*~*~ (hiding).
  2931 | D:3      | 2931 ||| Stepping ~*~*~tactically~*~*~ (hiding).
  2938 | D:3      | 2938 ||| FLEEEEING.
  2953 | D:3      | Reached skill level 5 in Axes
  3456 | D:3      | 3456 ||| UPGRADING to ring of positive energy.
  3457 | D:3      | 3457 ||| READING scroll labelled QERUCV GONI.
  3458 | D:3      | 3458 ||| READING scroll labelled SECWUYXTO.
  3459 | D:3      | 3459 ||| DRINKING 3 emerald potions.
  3569 | D:4      | Gained mutation: Your magical nature lets you fly swiftly
                  | and evasively. [Tengu growth]
  3569 | D:4      | Reached XP level 5. HP: 14/30 MP: 9/9
  3572 | D:4      | Noticed an ice beast
  3573 | D:4      | 3573 ||| FLEEEEING.
  3574 | D:4      | 3574 ||| FLEEEEING.
  3575 | D:4      | 3575 ||| FLEEEEING.
  3576 | D:4      | 3576 ||| FLEEEEING.
  3577 | D:4      | 3577 ||| FLEEEEING.
  3731 | D:4      | Noticed an ogre
  3740 | D:4      | Killed an ogre
  3741 | D:4      | Reached skill level 6 in Axes
  3883 | D:4      | Noticed a black bear
  3892 | D:4      | Killed a black bear
  3893 | D:4      | Reached skill level 7 in Axes
  3893 | D:4      | Reached XP level 6. HP: 17/35 MP: 10/10
  4078 | D:4      | Noticed Duvessa
  4078 | D:4      | Noticed Dowan
  4079 | D:4      | Noticed an orc warrior
  4087 | D:4      | HP: 8/35 [Duvessa/+0 short sword (4)]
  4087 | D:4      | HP: 3/35 [orc priest/+0 trident (5)]
  4087 | D:4      | HP: 1/35 [Dowan/+0 dagger (2)]
  4088 | D:4      | 4088 ||| READING 2 scrolls of teleportation.
  4088 | D:4      | Slain by Duvessa

Levels and vault maps discovered:
D:1:      scummos_arrival_checkerplants, layout_basic,
          shapermc_ecumenical_altar_mp_ritualfount, minivault_23,
          kennysheep_nondescript, minmay_misc_feat_tiny
D:2:      layout_loops_corners, basic_altar, serial_shops, shop_statue
D:3:      layout_basic, serial_rivers, chequers_serial_rivers_micro_a,
          chequers_serial_rivers_small_a, chequers_serial_rivers_small_b,
          chequers_serial_rivers_small_3, chequers_serial_rivers_small_3,
          chequers_serial_rivers_room_b
D:4:      layout_basic, minmay_temple_entry_statues, uniq_duvessa

Skill      XL: |  1  2  3  4  5 |
---------------+----------------+-----
Axes           | 3 4 5 7 |  7.2
Fighting       | |  2.0
Throwing       | |  1.0
Armour         | |  1.1
Dodging        | |  2.1
Spellcasting   | |  2.0
Translocations | |  2.4

Action                   |  1- 3 |  4- 6 || total
-------------------------+-------+-------++-------
Melee: Hand axe          |    88 |    46 ||   134
       Peck              |    14 |     7 ||    21
       Kick              |    20 |    19 ||    39
       Punch             |     1 |       ||     1
Throw: Boomerang         |    26 |    19 ||    45
  Use: Scroll            |     4 |     3 ||     7
       Potion            |     2 |     1 ||     3
Armor: Leather armour    |    22 |       ||    22
       Ring mail         |    13 |       ||    13
       Scale mail        |     1 |    13 ||    14
Dodge: Dodged            |    34 |    18 ||    52

Table legend:
 A = Non-vault XP
 B = Vault XP
 C = Vault XP percentage of total XP
 D = Non-vault monster count
 E = Vault monster count
 F = Vault count percentage of total count
                 A         B        C        D         E       F
            +---------+---------+-------+---------+---------+-------
      Total |     433 |       0 |   0.0 |      55 |       0 |   0.0
            +---------+---------+-------+---------+---------+-------
        D:1 |      43 |       0 |   0.0 |      25 |       0 |   0.0
        D:2 |      27 |       0 |   0.0 |      10 |       0 |   0.0
        D:3 |      75 |       0 |   0.0 |      12 |       0 |   0.0
        D:4 |     288 |       0 |   0.0 |       8 |       0 |   0.0
            +---------+---------+-------+---------+---------+-------
